 Dungeon Crawl Stone Soup version 0.30-a0-760-g5a9884bb7c (webtiles) character file.

Game seed: 16413893396558563000

35 JumpingJurisdiction the Magician (level 3, -8/19 HPs)
             Began as a Tengu Hedge Wizard on Feb 11, 2023.
             Mangled by Sigmund
             ... wielding a +2 heavy scythe
              (13 damage)
             ... on level 2 of the Dungeon.
             The game lasted 00:13:20 (1078 turns).

JumpingJurisdiction the Magician (TeHW)             Turns: 1078, Time: 00:13:21

Health: -8/19      AC:  2    Str: 12    XL:     3   Next: 33%
Magic:  4/8        EV: 12    Int: 14    God:
Gold:   85         SH:  0    Dex: 13    Spells: 7/8 levels left

rFire   . . .      SeeInvis .    r - +0 mace
rCold   . . .      Faith    .    (no shield)
rNeg    . . .      Spirit   .    b - +0 robe
rPois   +          Reflect  .    c - +0 hat
rElec   .          Harm     .    (no cloak)
rCorr   .          Rampage  .    (no gloves)
Will    .....                    (boots unavailable)
Stlth   ++                       (no amulet)
HPRegen 0.23/turn                m - ring of poison resistance
MPRegen 0.11/turn                (no ring)

@: no status effects
A: beak, talons 3
a: no special abilities


You were on level 2 of the Dungeon.
You visited 1 branch of the dungeon, and saw 2 of its levels.

You collected 85 gold pieces.

Inventory:

Hand Weapons
 a - a +0 dagger
 o - a +0 hand axe
 r - a +0 mace (weapon)
Armour
 b - a +0 robe (worn)
 c - a +0 hat (worn)
 k - a +0 chain mail
 n - a +0 barding
Jewellery
 m - a ring of poison resistance (left hand)
Scrolls
 e - 2 scrolls of fear {unknown}
 f - a scroll of enchant armour {unknown}
 g - a scroll of noise {unknown}
 h - a scroll of teleportation {unknown}
 q - a scroll of immolation {unknown}
 s - a scroll of fog {unknown}
 t - a scroll of vulnerability {unknown}
Potions
 d - a potion of magic
 i - 2 potions of curing {unknown}
 j - a potion of flight {unknown}
 l - a potion of cancellation {unknown}
 p - a potion of lignification {unknown}


   Skills:
 + Level 2.6 Dodging
 + Level 2.3 Stealth
 + Level 3.2 Spellcasting
 + Level 2.1 Conjurations
 + Level 1.9 Summonings
 + Level 1.1 Translocations


You had 7 spell levels left.
You knew the following spells:

 Your Spells              Type           Power      Damage    Failure   Level
a - Magic Dart            Conj           32%        1d4       9%          1

Your spell library contained the following spells:

 Spells                   Type           Power      Damage    Failure   Level
 Call Imp                 Summ           7%         N/A       14%         2
 Blink                    Tloc           10%        N/A       21%         2
 Slow                     Hex            8%         N/A       22%         1
 Cigotuvi's Dreadful Rot  Necr/Pois/Air  4%         N/A       32%         2
 Mephitic Cloud           Conj/Pois/Air  4%         N/A       43%         3
 Ignite Poison            Fire/Tmut/Pois 2%         N/A       54%         3
 Sticky Flame             Conj/Fire      5%         2d3       80%         4
 Ignition                 Fire           1%         3d3       100%        8


Dungeon Overview and Level Annotations

Branches:
Dungeon (2/15)

Altars:

Annotations:
D:2 Sigmund


Innate Abilities, Weirdness & Mutations

You have a beak for a mouth.
You have claws for feet.


Message History

Sigmund the Dreaded comes into view.
He is wielding a +2 heavy scythe.
Casting: Magic Dart (safe; 9% risk of failure)
Confirm with . or Enter, or press ? or * to list all spells.
Aiming: Magic Dart (safe; 9% risk of failure)
Press: ? - help, Shift-Dir - straight line, f - Sigmund
Aim: Sigmund, wielding a +2 heavy scythe and wearing a +0 robe (asleep, 100% to hit)
The magic dart hits Sigmund but does no damage.
Sigmund shouts!
Sigmund points at you and mumbles some strange words.
You are confused.
You're too confused to cast spells.
A hobgoblin comes into view.
Sigmund gestures at you while chanting. The magic dart hits you!
You bump into the rock wall.
You're too confused to cast spells.
Found a ring mail.
You're too confused to move!
You feel less confused.
Sigmund points at you and mumbles some strange words.
The magic dart hits you!
* * * LOW HITPOINT WARNING * * *
Casting: Magic Dart (safe; 9% risk of failure)
Confirm with . or Enter, or press ? or * to list all spells.
Aiming: Magic Dart (safe; 9% risk of failure)
Press: ? - help, Shift-Dir - straight line, f/p - Sigmund
Aim: Sigmund, wielding a +2 heavy scythe and wearing a +0 robe (100% to hit)
The magic dart hits Sigmund.
Sigmund is lightly wounded.
Sigmund screams, "Only death can liberate you!"
Sigmund points at you and mumbles some strange words.
You are confused.
You bump into the rock wall.
Found a stone.
Sigmund closely misses you.
You bump into the rock wall.
You bump into the rock wall.
You feel less confused.
Sigmund hits you from afar with a +2 heavy scythe!
Ouch! That really hurt!
You die...

...# #.# #.# #..#
#.# #.# # #..# #.#
#.## #.##..#####.#
...#
#.........†.###...#
####..#####........
#.@.g.# #.####.##
###g###.# #.# #
#.@.# #.###.####
#.#.###.@.@g....
#.#.....g#.....
#.#####..#..... #.
#..#.#.#. #( #..#
.[ #. #..# # #.
#..# #..#


You could see Sigmund and a hobgoblin.

Vanquished Creatures
  A worm (D:2)
  2 dart slugs (D:2)
  2 ball pythons
  2 bats (D:1)
  4 endoplasms
  2 giant cockroaches
  2 goblins (D:2)
  A hobgoblin (D:2)
  A kobold (D:1)
  A quokka (D:2)
  2 frilled lizards
  6 rats
26 creatures vanquished.

Vanquished Creatures (others)
  6 plants (D:2)
6 creatures vanquished.

Grand Total: 32 creatures vanquished

Notes
Turn   | Place    | Note
-------+----------+-------------------------------------------
     0 | D:1      | JumpingJurisdiction the Tengu Hedge Wizard began the quest
                  | for the Orb.
     0 | D:1      | Reached XP level 1. HP: 10/10 MP: 5/5
   244 | D:1      | Reached XP level 2. HP: 15/15 MP: 5/7
   480 | D:1      | Reached skill level 1 in Translocations
   796 | D:2      | Reached XP level 3. HP: 19/19 MP: 3/8
  1059 | D:2      | Noticed Sigmund
  1078 | D:2      | Mangled by Sigmund

Illustrated notes

Levels and vault maps discovered:
D:1:      mrwooster_arrival_statue, layout_basic
D:2:      layout_loops_ring, serial_bayou_pond_c, uniq_sigmund

Skill      XL: |  1  2 |
---------------+-------+-----
Translocations | 1 |  1.1
Conjurations   | 2 |  2.1
Dodging        | |  2.6
Stealth        | |  2.3
Spellcasting   | |  3.2
Summonings     | |  1.9

Action                     || total
---------------------------++-------
  Melee: Dagger            ||    21
         Kick              ||    11
         Mace              ||    16
         Peck              ||     4
   Cast: Magic Dart        ||    46
 Armour: Robe              ||     4
  Dodge: Dodged            ||    22

Table legend: (Time is in decaauts)
 A = Elapsed time spent in this place.
 B = Non-inter-level travel time spent in this place.
 C = Inter-level travel time spent in this place.
 D = Time resting spent in this place.
 E = Time spent auto-exploring this place.
 F = Levels seen in this place.
 G = Mean time per level.
                   A        B        C        D        E       F      G
               +--------+--------+--------+--------+--------+-----+--------+
         Total |   1086 |    346 |    740 |    117 |      0 |   2 |  543.0 |
       Dungeon |   1086 |    346 |    740 |    117 |      0 |   2 |  543.0 |
               +--------+--------+--------+--------+--------+-----+--------+

Top non-repeatable levels by time:
     D:1: 691 daAuts
     D:2: 395 daAuts
